Workbook

Sheet BG 31-AGO-26
A2: ADMINISTRADORA DE FONDOS DE PENSIONES CRECER. S.A
A3: BALANCE GENERAL AL 31 DE AGOSTO DE 2026 Y 31 DE DICIEMBRE DE 2025
A4: (Expresados en dólares de los Estados Unidos de América)
F6: 2026 | H6: 2025
B8: ACTIVOS
B9: ACTIVOS CORRIENTES
B10: DISPONIBLE | E10: $ | F10: 2352704 | G10: $ | H10: 692158
B11: INVERSIONES FINANCIERAS | F11: 10199744 | H11: 17373859
B12: CUENTAS Y DOCUMENTOS POR COBRAR NETO DE PROVISIONES | F12: 17916692 | H12: 19460269
B13: GASTOS PAGADOS POR ANTICIPADO | F13: 398643 | H13: 255497
B14: TOTAL ACTIVO CORRIENTE | F14: =SUM(F10:F13) -> 30867783 | H14: =SUM(H10:H13) -> 37781783
B16: ACTIVOS NO CORRIENTES
B17: INVERSIONES EN CUOTAS DEL FONDO DE PENSIONES | F17: 4756 | H17: 5017
B18: PROPIEDAD, PLANTA Y EQUIPO (NETO) | F18: 1703406 | H18: 1216180
B19: OTROS ACTIVOS E INTANGIBLES (NETO) | F19: 4062513 | H19: 4079321
B20: ACTIVO POR IMPUESTO DIFERIDO | F20: 730466 | H20: 574926
B21: TOTAL ACTIVO NO CORRIENTE | F21: =SUM(F17:F20) -> 6501141 | H21: =SUM(H17:H20) -> 5875444
B22: TOTAL DE ACTIVOS | E22: $ | F22: =F14+F21 -> 37368924 | G22: $ | H22: =H14+H21 -> 43657227
B24: PASIVO Y PATRIMONIO
B26: PASIVOS CORRIENTES
B27: CUENTAS Y DOCUMENTOS POR PAGAR | E27: $ | F27: 1934845 | G27: $ | H27: 1542222
B28: OBLIGACIONES POR IMPUESTOS Y CONTRIBUCIONES | F28: 6701907 | H28: 8135947
B29: TOTAL PASIVO CORRIENTE | F29: =SUM(F27:F28) -> 8636752 | H29: =SUM(H27:H28) -> 9678169
B31: PASIVOS NO CORRIENTES
B32: PROVISIONES | F32: 1196661 | H32: 1234518
B33: TOTAL PASIVO NO CORRIENTE | F33: =SUM(F32) -> 1196661 | H33: =SUM(H32) -> 1234518
B34: TOTAL DE PASIVOS | E34: $ | F34: =F29+F33 -> 9833413 | G34: $ | H34: =H29+H33 -> 10912687
B36: PATRIMONIO
B37: CAPITAL SOCIAL PAGADO | F37: 10000000 | H37: 10000000
B38: RESERVAS DE CAPITAL | F38: 2000000 | H38: 2000000
B39: REVALUACION | F39: -8496 | H39: -3655
B40: RESULTADOS DEL PRESENTE EJERCICIO | F40: 15544007 | H40: 20748195
B41: TOTAL PATRIMONIO | F41: =SUM(F37:F40) -> 27535511 | H41: =SUM(H37:H40) -> 32744540
B42: TOTAL PASIVO Y PATRIMONIO | E42: $ | F42: =F34+F41 -> 37368924 | G42: $ | H42: =H34+H41 -> 43657227
B44: CUENTAS CONTINGENTES Y COMPROMISOS | E44: $ | F44: 2028792 | G44: $ | H44: 5749428
B46: CUENTAS DE CONTROL | E46: $ | F46: 7606920 | G46: $ | H46: 11109218
B54: SERGIO GILBERTO CALDERÓN ULLOA | D54: LUIS GERARDO MAGAÑA ESTRADA | F54: GERMAN ENRIQUE BARRERA
B55: GERENTE GENERAL Y REPRESENTANTE LEGAL | D55: DIRECTOR FINANCIERO | F55: CONTADOR GENERAL

Sheet ER 31-AGO-26
A2: ADMINISTRADORA DE FONDOS DE PENSIONES CRECER. S.A
A3: ESTADO DE RESULTADOS DEL 1 DE ENERO AL 31 DE AGOSTO
A4: (Expresados en dólares de los Estados Unidos de América)
F6: 2026 | H6: 2025
B8: INGRESOS POR ADMINISTRACION DE FONDOS
B9: INGRESOS POR COMISIONES POR ADMINISTRACIÓN DE FONDOS | E9: $ | F9: 37649498 | G9: $ | H9: 35029416
F10: =+F9 -> 37649498 | H10: =SUM(H9) -> 35029416
B12: GASTOS POR ADMINISTRACION DE FONDOS DE PENSIONES
B13: PRIMAS DE SEGUROS | F13: 33936 | H13: 60311
B14: SUELDOS, COMISIONES Y PRESTACIONES A AGENTES DE SERVICIOS PREV. | F14: 1430300 | H14: 1075433
B15: OTROS COSTOS DIRECTOS POR ADMINISTRACIÓN DE FONDOS | F15: 1701842 | H15: 1700802
F16: =SUM(F13:F15) -> 3166078 | H16: =SUM(H13:H15) -> 2836546
B18: UTILIDAD BRUTA | E18: $ | F18: =F10-F16 -> 34483420 | G18: $ | H18: =H10-H16 -> 32192870
B20: OPERACION
B21: GASTOS DE PERSONAL Y ADMINISTRATIVOS | F21: 12530399 | H21: 12025617
B22: DEPRECIACION AMORTIZACION Y DESVALORIZACION DE ACTIVOS | F22: 1629304 | H22: 1668979
B23: PROV. P/INCOBRABILIDAD DE CTAS. Y DOCUMENTOS POR COBRAR | F23: 469 | H23: 2224
F24: =SUM(F21:F23) -> 14160172 | H24: =SUM(H21:H23) -> 13696820
B26: FINANCIEROS
B27: GASTOS FINANCIEROS | F27: 5126 | H27: 1311
B28: INGRESOS FINANCIEROS | F28: -1154646 | H28: -1327630
F29: =SUM(F27:F28) -> -1149520 | H29: =SUM(H27:H28) -> -1326319
B31: OTROS
B32: OTROS GASTOS | F32: 79010 | H32: 200373
B33: OTROS INGRESOS | F33: -11284 | H33: -325922
B34: GASTOS DE EJERCICIOS ANTERIORES | F34: 36130 | H34: 60448
B35: INGRESOS DE EJERCICIOS ANTERIORES | F35: -49290 | H35: -58092
F36: =SUM(F32:F35) -> 54566 | H36: =SUM(H32:H35) -> -123193
B38: UTILIDAD DE OPERACION | E38: $ | F38: =F10-F16-F24-F29-F36 -> 21418202 | G38: $ | H38: =H10-H16-H24-H29-H36 -> 19945562
B40: IMPUESTO SOBRE LA RENTA | F40: 5882408 | H40: 5504373
B41: UTILIDAD DE LAS ACTIVIDADES ORDINARIAS | E41: $ | F41: =F38-F40 -> 15535794 | G41: $ | H41: =H38-H40 -> 14441189
B43: INGRESOS EXTRAORDINARIOS | F43: -8213 | H43: 0
B45: UTILIDAD NETA DEL EJERCICIO | E45: $ | F45: =F41-F43 -> 15544007 | G45: $ | H45: =H41-H43 -> 14441189
B47: UTILIDAD POR ACCION | E47: $ | F47: 15.544007 | G47: $ | H47: 14.441189
B54: SERGIO GILBERTO CALDERÓN ULLOA | D54: LUIS GERARDO MAGAÑA ESTRADA | F54: GERMAN ENRIQUE BARRERA
B55: GERENTE GENERAL Y REPRESENTANTE LEGAL | D55: DIRECTOR FINANCIERO | F55: CONTADOR GENERAL

Sheet DV-IDENTITY-0
A1: =IF('BG 31-AGO-26'!1:1,"Y/5qNGsyygA=",0) -> 0 | B1: =AND('BG 31-AGO-26'!A1,"Y/5qNGsyygE=") -> #VALUE! | C1: =IF('BG 31-AGO-26'!2:2,"Y/5qNGsyygI=",0) -> 0 | D1: =AND('BG 31-AGO-26'!A2,"Y/5qNGsyygM=") -> #VALUE! | E1: =IF('BG 31-AGO-26'!3:3,"Y/5qNGsyygQ=",0) -> 0 | F1: =AND('BG 31-AGO-26'!A3,"Y/5qNGsyygU=") -> #VALUE! | G1: =IF('BG 31-AGO-26'!4:4,"Y/5qNGsyygY=",0) -> 0 | H1: =AND('BG 31-AGO-26'!A4,"Y/5qNGsyygc=") -> #VALUE! | I1: =IF('BG 31-AGO-26'!5:5,"Y/5qNGsyygg=",0) -> 0 | J1: =AND('BG 31-AGO-26'!B5,"Y/5qNGsyygk=") -> #VALUE! | K1: =IF('BG 31-AGO-26'!6:6,"Y/5qNGsyygo=",0) -> 0 | L1: =AND('BG 31-AGO-26'!B6,"Y/5qNGsyygs=") -> #VALUE! | M1: =IF('BG 31-AGO-26'!7:7,"Y/5qNGsyygw=",0) -> 0 | N1: =AND('BG 31-AGO-26'!B7,"Y/5qNGsyyg0=") -> #VALUE! | O1: =IF('BG 31-AGO-26'!15:15,"Y/5qNGsyyg4=",0) -> 0 | P1: =AND('BG 31-AGO-26'!B15,"Y/5qNGsyyg8=") -> #VALUE! | Q1: =IF('BG 31-AGO-26'!48:48,"Y/5qNGsyyhA=",0) -> 0 | R1: =AND('BG 31-AGO-26'!B48,"Y/5qNGsyyhE=") -> #VALUE! | S1: =IF('BG 31-AGO-26'!49:49,"Y/5qNGsyyhI=",0) -> 0 | T1: =AND('BG 31-AGO-26'!B49,"Y/5qNGsyyhM=") -> #VALUE! | U1: =IF('BG 31-AGO-26'!50:50,"Y/5qNGsyyhQ=",0) -> 0 | V1: =AND('BG 31-AGO-26'!B50,"Y/5qNGsyyhU=") -> #VALUE! | W1: =IF('BG 31-AGO-26'!53:53,"Y/5qNGsyyhY=",0) -> 0 | X1: =AND('BG 31-AGO-26'!F53,"Y/5qNGsyyhc=") -> #VALUE! | Y1: =IF('BG 31-AGO-26'!54:54,"Y/5qNGsyyhg=",0) -> 0 | Z1: =AND('BG 31-AGO-26'!F54,"Y/5qNGsyyhk=") -> #VALUE! | AA1: =IF('BG 31-AGO-26'!55:55,"Y/5qNGsyyho=",0) -> 0 | AB1: =AND('BG 31-AGO-26'!F55,"Y/5qNGsyyhs=") -> #VALUE! | AC1: =IF(_xlfn.SINGLE('BG 31-AGO-26'!#REF!),"Y/5qNGsyyhw=",0) -> #REF! | AD1: =AND('BG 31-AGO-26'!#REF!,"Y/5qNGsyyh0=") -> #REF! | AE1: =IF(_xlfn.SINGLE('BG 31-AGO-26'!#REF!),"Y/5qNGsyyh4=",0) -> #REF! | AF1: =IF('BG 31-AGO-26'!A:A,"Y/5qNGsyyh8=",0) -> 0 | AG1: =IF('BG 31-AGO-26'!B:B,"Y/5qNGsyyiA=",0) -> 0 | AH1: =IF('BG 31-AGO-26'!C:C,"Y/5qNGsyyiE=",0) -> 0 | AI1: =IF('BG 31-AGO-26'!D:D,"Y/5qNGsyyiI=",0) -> 0 | AJ1: =IF('BG 31-AGO-26'!E:E,"Y/5qNGsyyiM=",0) -> 0 | AK1: =IF('BG 31-AGO-26'!F:F,"Y/5qNGsyyiQ=",0) -> 0 | AL1: =IF('BG 31-AGO-26'!G:G,"Y/5qNGsyyiU=",0) -> 0 | AM1: =IF('BG 31-AGO-26'!H:H,"Y/5qNGsyyiY=",0) -> 0 | AN1: =IF(_xlfn.SINGLE('BG 31-AGO-26'!#REF!),"Y/5qNGsyyic=",0) -> #REF! | AO1: =IF(_xlfn.SINGLE('BG 31-AGO-26'!#REF!),"Y/5qNGsyyig=",0) -> #REF! | AP1: =IF(_xlfn.SINGLE('BG 31-AGO-26'!#REF!),"Y/5qNGsyyik=",0) -> #REF! | AQ1: =IF(#REF!,"Y/5qNGsyyio=",0) -> #REF! | AR1: =AND(#REF!,"Y/5qNGsyyis=") -> #REF! | AS1: =IF(#REF!,"Y/5qNGsyyiw=",0) -> #REF! | AT1: =IF(#REF!,"Y/5qNGsyyi0=",0) -> #REF! | AU1: =AND(#REF!,"Y/5qNGsyyi4=") -> #REF! | AV1: =IF(#REF!,"Y/5qNGsyyi8=",0) -> #REF! | AW1: Y/5qNGsyyjA=
